Map: Dusty Gorge

Players

Rustyknives

  • Race: Zerg Zerg
  • League: Gold
  • Spawn Location: 11:00

Solar

  • Race: Protoss Protoss
  • Spawn Location: 9:00

Nightmare - Winner!

  • Race: Protoss Protoss
  • Spawn Location: 5:00

XxDepravity - Winner!

  • Race: Zerg Zerg
  • League: Platinum
  • Spawn Location: 3:00

VOD

Have the link to the VOD?

Description

Build a base in base defense

Time

  • Played on: June 5, 2019, 8:41 p.m.
  • Length: 18:18
Show
View Real Time Build Order
Export as new Build Order

Rustyknives Zerg 

Build Orders: Pool First 

Get SALT Encoding   

  12  0:01  Drone  
  13  0:12  Overlord  
  13  0:18  Drone  
  14  0:25  Extractor  
  14  0:26  Drone  
  14  0:35  Drone  
  14  0:36  Drone  
  16  0:51  Spawning Pool  
  16  0:54  Drone  
  17  0:57  Drone  
  17  1:07  Drone  
  18  1:39  Queen  
  20  1:40  Zergling x2  
  20  1:42  Zergling x2  
  20  1:45  Zergling x2, Hatchery  
  22  1:54  Metabolic Boost  
  22  2:08  Overlord x2  
  22  2:32  Drone x2  
  24  2:45  Zergling x4  
  26  3:02  Extractor, Zergling x4  
  26  3:03  Zergling x4  
  29  3:27  Zergling x4  
  26  3:48  Zergling x2  
  26  3:49  Zergling x4  
  28  4:02  Queen  
  27  4:03  Drone x3  
  27  4:07  Drone x3  
  31  4:19  Zergling x6  
  34  4:36  Zergling x8  
  35  4:54  Zergling x2  
  35  4:55  Zergling x4  
  37  5:07  Zergling x8  
  39  5:23  Zergling x6  
  38  5:37  Zergling x8  
  42  6:07  Zergling x4  
  44  6:12  Overlord x4  
  44  6:17  Zergling x6  
  40  6:36  Zergling x12  
  44  6:45  Zergling x4  
  43  7:02  Zergling x8  
  40  7:19  Hatchery  
  39  7:26  Evolution Chamber  
  39  7:28  Evolution Chamber  
  39  7:29  Lair  
  37  7:33  Zergling x10, Hatchery  
  40  8:03  Zergling x16  
  48  8:24  Zergling x2  
  48  8:25  Zergling x14  
  40  8:41  Queen  
  40  9:05  Infestation Pit  
  40  9:06  Zerg Melee Weapons Level 1  
  40  9:07  Zerg Ground Armor Level 1  
  39  9:17  Queen  
  39  9:18  Queen  
  43  9:34  Zergling x2  
  43  9:35  Zergling x28  
  57  10:02  Baneling Nest  
  56  10:14  Drone  
  56  10:17  Hive  
  51  11:40  Centrifical Hooks  
  51  11:45  Ultralisk Cavern  
  50  11:57  Drone x5  
  50  11:58  Drone x8  
  65  12:01  Drone x5  
  65  12:02  Drone x4  
  72  12:19  Zerg Melee Weapons Level 2  
  72  12:22  Zerg Ground Armor Level 2  
  72  12:35  Chitinous Plating  
  72  12:44  Overlord x5  
  72  12:45  Overlord  
  71  13:20  Adrenal Glands  
  71  13:40  Overlord x5  
  71  13:41  Overlord x2  
  71  13:46  Spire  
  71  13:48  Spire  
  69  13:52  Drone, Evolution Chamber  
  69  13:53  Drone x3  
  72  14:09  Extractor, Drone  
  73  14:10  Extractor, Drone x6  
  73  14:11  Drone x4  
  73  14:15  Extractor  
  80  14:19  Extractor  
  80  14:21  Overlord x2  
  79  14:36  Zerg Missile Weapons Level 1  
  79  14:44  Zerg Melee Weapons Level 3  
  79  14:47  Zerg Ground Armor Level 3  
  79  14:49  Anabolic Synthesis  
  79  15:06  Zerg Flyer Weapons Level 1, Zerg Flyer Armor Level 1  
  79  15:20  Drone x3  
  82  15:21  Drone x2  
  82  15:22  Drone x2  
  86  15:58  Drone  
  87  16:07  Extractor  
  87  16:09  Extractor  
  85  16:43  Corruptor  
  85  16:44  Corruptor x14  
  115  16:51  Hatchery  
  113  16:56  Hatchery  
  93  17:12  Corruptor  
  93  17:13  Corruptor x3  
  99  17:18  Zergling x8  
  99  17:19  Zergling x14  
  110  17:23  Zergling x8  
  110  17:24  Zergling x46  
  110  17:25  Zergling x6  
Show
View Real Time Build Order
Export as new Build Order

Solar Protoss 

Build Orders: 1 Gate Expand 

Get SALT Encoding   

  12  0:01  Probe  
  13  0:13  Probe  
  14  0:18  Pylon  
  14  0:25  Probe  
  15  0:37  Gateway  
  15  0:40  Probe  
  16  0:52  Probe  
  17  1:20  Nexus  
  17  1:25  Pylon  
  16  1:36  Cybernetics Core  
  16  1:38  Zealot  
  18  1:59  Probe  
  19  2:05  Zealot  
  21  2:11  Forge  
  21  2:26  Pylon  
  21  2:28  Nexus  
  21  2:32  Pylon  
  20  2:51  Probe  
  20  2:55  Zealot  
  23  3:03  Probe  
  24  3:22  Pylon  
  24  3:24  Nexus  
  24  3:41  Photon Cannon  
  24  3:43  Shield Battery  
  24  3:46  Photon Cannon  
  24  3:48  Pylon  
  20  3:49  Photon Cannon  
  20  3:59  Zealot  
  20  4:04  Photon Cannon  
  19  4:24  Zealot  
  21  4:37  Probe  
  22  4:51  Zealot  
  24  4:59  Photon Cannon  
  24  5:01  Photon Cannon  
  24  5:03  Photon Cannon  
  24  5:07  Pylon  
  24  5:11  Assimilator  
  24  5:19  Zealot  
  26  5:45  Zealot  
  28  5:57  Probe  
  28  6:03  Zealot  
  29  6:09  Probe  
  32  6:19  Photon Cannon  
  32  6:21  Pylon  
  32  6:23  Photon Cannon  
  32  6:26  Pylon  
  32  6:27  Shield Battery  
  32  6:29  Shield Battery  
  32  6:30  Zealot  
  32  6:32  Photon Cannon  
  33  6:54  Probe  
  33  7:01  Zealot  
  28  7:23  Zealot  
  28  7:25  Pylon  
  28  7:28  Shield Battery  
  28  7:33  Protoss Shields Level 1  
  28  7:36  Photon Cannon  
  26  7:47  Photon Cannon x2  
  26  7:51  Zealot  
  26  7:58  Pylon  
  24  8:16  Pylon  
  24  8:18  Zealot  
  26  8:28  Assimilator  
  26  8:34  Pylon  
  26  8:38  Pylon  
  24  9:33  Nexus  
  20  10:09  Pylon  
  20  10:18  Assimilator  
  20  10:33  Pylon  
  20  10:35  Pylon  
  20  10:41  Probe  
  21  10:53  Probe  
  21  10:57  Stargate  
  22  10:58  Stargate  
  22  10:59  Stargate  
  22  11:05  Probe  
  23  11:17  Probe  
  24  11:27  Protoss Air Weapons Level 1  
  24  11:39  Pylon  
  24  11:45  Pylon  
  24  11:48  Void Ray  
  24  11:51  Void Ray  
  24  11:53  Probe  
  33  11:56  Pylon, Probe  
  34  12:05  Probe  
  35  12:08  Probe  
  36  12:17  Probe  
  36  12:20  Probe  
  38  12:28  Void Ray x2  
  38  12:29  Probe  
  39  12:34  Assimilator  
  47  12:51  Probe  
  47  12:57  Void Ray  
  48  13:01  Void Ray  
  56  13:25  Photon Cannon x2  
  56  13:27  Photon Cannon  
  56  13:38  Void Ray  
  60  13:52  Void Ray  
  64  14:10  Nexus  
  64  14:14  Void Ray  
  68  14:39  Void Ray, Photon Cannon  
  68  14:42  Protoss Air Armor Level 1  
  72  14:53  Void Ray  
  72  15:01  Void Ray  
  80  15:22  Probe x3  
  83  15:34  Void Ray, Probe x2  
  89  15:48  Void Ray  
  93  16:09  Void Ray x2  
  101  16:39  Pylon x2  
  101  16:42  Pylon  
  101  16:47  Pylon  
  83  17:02  Probe x2  
  33  17:14  Probe  
Show
View Real Time Build Order
Export as new Build Order

Nightmare Protoss - Winner!

Build Orders: Double Forge 

Get SALT Encoding   

  1  0:00  Probe  
  12  0:05  Probe  
  14  0:15  Probe  
  15  0:23  Pylon  
  15  0:41  Probe  
  15  0:42  Gateway  
  16  0:53  Probe  
  17  0:58  Gateway  
  17  1:05  Probe  
  17  1:08  Assimilator  
  18  1:34  Zealot  
  20  2:01  Assimilator  
  20  2:06  Pylon  
  20  2:07  Forge  
  20  2:15  Forge  
  20  2:16  Probe  
  21  2:24  Probe  
  22  2:32  Probe  
  23  2:45  Probe  
  23  2:46  Nexus  
  24  2:57  Probe  
  25  3:09  Cybernetics Core  
  25  3:14  Zealot x2  
  29  3:38  Zealot  
  31  3:48  Warp Gate  
  31  3:53  Pylon  
  31  3:57  Zealot, Probe  
  31  4:00  Pylon  
  34  4:09  Probe  
  35  4:21  Probe  
  32  4:24  Robotics Facility  
  32  4:25  Robotics Facility  
  30  4:33  Probe  
  31  4:42  Probe  
  31  4:44  Assimilator  
  32  4:45  Probe  
  32  4:47  Pylon  
  33  4:54  Probe  
  33  4:58  Probe  
  33  5:02  Immortal  
  33  5:03  Assimilator  
  33  5:07  Probe  
  32  5:09  Immortal  
  40  5:30  Immortal  
  40  5:36  Zealot  
  46  5:43  Zealot  
  48  6:00  Immortal  
  46  6:05  Immortal  
  44  6:21  Zealot  
  44  6:23  Probe  
  47  6:43  Immortal  
  47  6:44  Immortal  
  53  6:55  Zealot x2  
  57  7:13  Immortal  
  57  7:14  Immortal  
  57  7:20  Twilight Council  
  61  7:27  Zealot  
  61  7:28  Zealot  
  61  7:54  Immortal  
  61  7:56  Immortal  
  61  8:16  Zealot x2  
  65  8:33  Immortal x2  
  61  8:37  Zealot x2  
  69  9:03  Pylon  
  69  9:05  Pylon  
  69  9:14  Charge  
  69  9:15  Pylon  
  69  9:21  Zealot x2, Immortal  
  69  9:22  Protoss Ground Weapons Level 1  
  75  9:47  Zealot x2  
  75  9:49  Immortal  
  83  9:53  Pylon  
  84  10:01  Probe  
  84  10:07  Adept  
  84  10:08  Adept  
  92  10:20  Pylon  
  90  10:45  Zealot x2  
  82  11:01  Stargate x2  
  82  11:04  Stargate  
  82  11:19  Nexus  
  82  11:21  Pylon  
  82  11:22  Pylon  
  82  11:27  Photon Cannon  
  82  11:30  Probe  
  82  11:39  Probe  
  83  11:45  Void Ray x2  
  84  11:48  Probe  
  85  11:55  Void Ray  
  97  12:05  Pylon, Protoss Air Weapons Level 1  
  97  12:07  Pylon  
  97  12:10  Robotics Facility  
  97  12:28  Void Ray  
  101  12:32  Adept x2  
  105  12:43  Probe x3  
  108  12:53  Void Ray  
  108  12:54  Probe  
  108  12:55  Probe x2  
  115  13:02  Probe  
  115  13:06  Probe  
  115  13:07  Probe  
  115  13:08  Observer  
  115  13:10  Probe  
  115  13:11  Void Ray  
  123  13:14  Probe  
  123  13:19  Probe  
  126  13:21  Probe  
  127  13:31  Probe  
  128  13:41  Void Ray  
  128  13:43  Probe  
  128  13:44  Void Ray  
  137  13:52  Protoss Shields Level 1, Assimilator  
  137  13:53  Assimilator  
  137  13:55  Probe x2  
  139  13:58  Fleet Beacon  
  139  14:15  Void Ray  
  143  14:19  Zealot x2  
  143  14:21  Mothership  
  147  14:30  Protoss Air Weapons Level 2  
  147  14:45  Zealot  
  157  14:49  Pylon  
  157  14:51  Pylon  
  157  14:53  Pylon  
  157  14:55  Pylon  
  157  15:10  Carrier  
  163  15:16  Carrier  
  163  15:20  Carrier  
  169  15:32  Pylon  
  175  15:35  Pylon  
  175  16:13  Zealot x2  
  175  16:15  Carrier  
  185  16:23  Carrier  
  191  16:25  Void Ray  
Show
View Real Time Build Order
Export as new Build Order

XxDepravity Zerg - Winner!

Build Orders: Hatch First 

Get SALT Encoding   

  12  0:02  Drone  
  13  0:12  Overlord  
  13  0:20  Drone  
  14  0:31  Drone x2  
  16  0:36  Drone  
  17  0:58  Hatchery  
  16  1:14  Drone x2  
  16  1:17  Extractor  
  17  1:22  Spawning Pool  
  16  1:33  Drone x2  
  16  1:35  Drone  
  19  1:57  Drone x2  
  21  2:09  Queen  
  21  2:10  Zergling x2, Queen  
  21  2:11  Zergling x2  
  27  2:24  Overlord  
  27  2:33  Zergling x2  
  28  2:38  Overlord x2  
  28  2:45  Zergling x2  
  28  2:46  Zergling x2  
  30  2:55  Lair  
  30  3:03  Metabolic Boost, Evolution Chamber  
  30  3:04  Evolution Chamber  
  28  3:07  Drone x2  
  30  3:16  Zergling x2  
  30  3:19  Zergling x2  
  31  3:20  Zergling x4  
  31  3:23  Zergling x2  
  33  3:31  Zergling x4  
  34  3:38  Zergling x2  
  33  3:45  Zergling x8  
  32  3:49  Zergling x2  
  31  3:58  Zergling x6  
  32  4:06  Zergling x2  
  32  4:12  Zergling x2  
  30  4:20  Zergling x2  
  30  4:21  Zergling x2  
  29  4:28  Zergling x6  
  28  4:40  Zergling x6  
  28  4:44  Baneling Nest  
  28  4:45  Queen  
  24  4:55  Drone  
  25  5:02  Zergling x2  
  25  5:06  Zergling x2  
  27  5:07  Zergling x2  
  26  5:18  Zergling x2  
  26  5:19  Drone x2  
  19  5:36  Zergling x4  
  14  5:44  Zergling x2  
  14  5:45  Zergling x2  
  6  6:07  Baneling  
  6  6:08  Baneling  
  5  6:32  Drone  
  5  7:14  Drone x2  
  3  7:45  Drone  
  4  8:01  Drone  
  2  8:36  Drone  
  3  8:56  Drone x3  
  3  8:57  Drone x2  
  3  8:59  Drone  
  9  9:19  Drone  
  9  9:21  Drone  
  11  9:27  Drone  
  12  9:44  Drone x3  
  15  9:57  Drone  
  16  10:07  Spawning Pool  
  15  10:15  Drone  
  15  10:18  Extractor  
  15  10:30  Evolution Chamber  
  14  11:04  Hatchery  
  14  11:06  Queen  
  14  11:09  Zergling x6  
  18  11:36  Zerg Ground Armor Level 1  
  18  11:38  Drone x2  
  17  12:04  Spore Crawler  
  17  12:06  Spine Crawler  
  15  12:10  Drone x3  
  18  12:22  Drone x3  
  21  12:27  Hatchery  
  20  12:37  Drone x2  
  20  12:39  Lair  
  22  12:49  Extractor  
  21  13:00  Evolution Chamber  
  20  13:16  Drone x3  
  20  13:17  Drone  
  24  13:30  Drone  
  25  13:46  Zerg Missile Weapons Level 1, Hydralisk Den  
  25  13:55  Drone  
  25  13:56  Drone x6  
  25  13:57  Queen  
  33  14:17  Baneling Nest  
  33  14:23  Drone  
  33  14:24  Drone  
  34  14:26  Drone x2  
  36  14:34  Overlord x2  
  36  14:46  Hatchery  
  36  14:49  Drone  
  36  14:50  Overlord  
  36  14:54  Drone x3  
  36  14:59  Drone x2  
  41  15:04  Zergling x2  
  41  15:05  Zergling x2  
  43  15:14  Hydralisk x4  
  43  15:15  Hydralisk  
  43  15:18  Extractor  
  52  15:21  Overlord  
  52  15:22  Extractor  
  51  15:29  Baneling x3  
  51  15:30  Baneling  
  51  15:43  Hydralisk  
  51  15:44  Hydralisk x2  
  51  15:47  Nydus Network  
  56  15:50  Drone x2  
  56  15:51  Drone  
  56  15:52  Drone x3  
  62  16:04  Queen x2  
  66  16:22  Hydralisk x2, Hatchery  
  66  16:25  Zergling x2  
  69  16:58  Nydus Canal  
  69  17:06  Zergling x8  
  69  17:07  Overlord  
  69  17:08  Overlord x3  
  73  17:42  Hydralisk  
  74  17:45  Hydralisk x6  
  74  17:46  Hydralisk x3  
  67  18:00  Zergling x16  
Tags
 
Add a new tag
Caveats
  • Supply blocks, unpowered buildings, or Contaminate may cause inaccurate times.
  • Supply counts are checked every 10 seconds.